 Dungeon Crawl Stone Soup version 0.27-a0-1232-gc6a4cbde82 (webtiles) character file.

Game seed: 15541430953149400425

413 Shayle the Ducker (level 6, 0/61 HPs)
             Began as an Ogre Warper on June 8, 2021.
             Slain by Prince Ribbit (1 damage)
             ... on level 5 of the Dungeon.
             The game lasted 00:15:17 (6429 turns).

Shayle the Ducker (Ogre Warper)                     Turns: 6429, Time: 00:15:18

Health: 0/61       AC:  4    Str: 16    XL:     6   Next: 91%
Magic:  9/9        EV: 11    Int: 16    God:
Gold:   203        SH:  0    Dex:  8    Spells: 9/9 levels left

rFire    . . .     SeeInvis .   s - +1 eveningstar
rCold    . . .     Faith    .   (no shield)
rNeg     . . .     Spirit   .   b - +1 robe
rPois    .         Reflect  .   (helmet restricted)
rElec    .         Harm     .   (no cloak)
rCorr    .         Rampage  .   (gloves unavailable)
Will     .....                  (boots unavailable)
Stlth    +.........             (no amulet)
HPRegen  0.20/turn              (no ring)
MPRegen  0.11/turn              (no ring)

@: no status effects
A: large, unfitting armour, tough skin 1
a: no special abilities


You were on level 5 of the Dungeon.
You visited 2 branches of the dungeon, and saw 6 of its levels.

You collected 203 gold pieces.

Inventory:

Hand Weapons
 a - a +1 spear
 p - a +4 falchion
 s - a +1 eveningstar (weapon)
Missiles
 e - 2 boomerangs of dispersal (quivered)
 o - 7 poisoned darts
 r - 3 boomerangs
Armour
 b - a +1 robe (worn)
Jewellery
 m - a ring of wizardry
Scrolls
 d - a scroll of blinking
 g - a scroll of enchant armour
 i - 4 scrolls of teleportation
 q - a scroll of fear
Potions
 h - a potion of flight
 j - a potion of cancellation


   Skills:
 + Level 3.1 Fighting
 + Level 1.0 Maces & Flails
 - Level 2.0 Polearms
 - Level 1.0 Throwing
 + Level 6.3 Dodging
 - Level 2.4 Spellcasting
 + Level 2.8 Translocations


You had 9 spell levels left.
You didn't know any spells.
Your spell library contained the following spells:

 Spells                   Type           Power      Damage    Failure   Level
 Blink                    Tloc           N/A        N/A       10%         2
 Gell's Gravitas          Tloc           5%         N/A       19%         3
 Lesser Beckoning         Tloc           5%         N/A       19%         3
 Teleport Other           Tloc           11%        N/A       19%         3
 Animate Skeleton         Necr           2%         N/A       21%         1
 Corona                   Hex            1%         N/A       21%         1
 Freeze                   Ice            4%         1d3       21%         1
 Ensorcelled Hibernation  Hex/Ice        2%         N/A       30%         2
 Sublimation of Blood     Necr           0%         N/A       30%         2
 Confusing Touch          Hex            1%         N/A       52%         3
 Dazzling Flash           Conj/Hex       2%         N/A       52%         3
 Tukima's Dance           Hex            1%         N/A       52%         3
 Manifold Assault         Tloc           11%        N/A       86%         5
 Borgnjor's Vile Clutch   Necr/Erth      0%         N/A       99%         5
 Excruciating Wounds      Necr           0%         N/A       99%         5
 Freezing Cloud           Conj/Ice/Air   0%         6-21      100%        6
 Simulacrum               Ice/Necr       0%         N/A       100%        6


Dungeon Overview and Level Annotations

Branches:
Dungeon (5/15)             Temple (1/1) D:4

Altars:
Ashenzari
Cheibriados
Dithmenos
Elyvilon
Gozag
Kikubaaqudgha
Makhleb
Nemelex Xobeh
Okawaru
Ru
Sif Muna
Trog
Uskayaw
Vehumet
Xom
Yredelemnul
Zin
The Shining One

Shops:
D:5 *:

Annotations:
D:5 Prince Ribbit


Innate Abilities, Weirdness & Mutations

You are too large for most types of armour.
You have tough skin. (AC +1)


Message History

Press: ? - help, Q - select action, (/) - cycle Shift-Dir - straight line, f/p - Prince Ribbit
Aim: Prince Ribbit (moderately wounded, poisoned, 28% to hit)
You throw a poisoned dart. The poisoned dart misses Prince Ribbit.
Throw: 9 darts (poison)
Press: ? - help, Q - select action, (/) - cycle Shift-Dir - straight line, f/p - Prince Ribbit
Aim: Prince Ribbit (moderately wounded, poisoned, 28% to hit)
You throw a poisoned dart.
The poisoned dart closely misses Prince Ribbit.
Prince Ribbit blinks!
You see here a throwing net.
You see here a poisoned dart.
o - 9 poisoned darts (gained 1) Throw: 9 darts (poison)
Press: ? - help, Q - select action, (/) - cycle Shift-Dir - straight line, f/p - Prince Ribbit
Aim: Prince Ribbit (heavily wounded, 28% to hit)
You throw a poisoned dart.
The poisoned dart barely misses Prince Ribbit.
Prince Ribbit croaks regally.
Prince Ribbit blinks!
You closely miss Prince Ribbit.
Prince Ribbit is moderately wounded.
Prince Ribbit hits you. Prince Ribbit hits you!!
Unknown command.
Throw: 8 darts (poison)
Press: ? - help, Q - select action, (/) - cycle Shift-Dir - straight line, f/p - Prince Ribbit
Aim: Prince Ribbit (moderately wounded, 28% to hit)
You throw a poisoned dart.
The poisoned dart barely misses Prince Ribbit.
Prince Ribbit hits you!
* * * LOW HITPOINT WARNING * * *
Okay, then.
Throw: 3 boomerangs (disperse)
Press: ? - help, Q - select action, (/) - cycle Shift-Dir - straight line, f/p - Prince Ribbit
Aim: Prince Ribbit (moderately wounded, 28% to hit)
You throw a boomerang of dispersal.
The boomerang of dispersal closely misses Prince Ribbit.
Prince Ribbit hits you!
* * * LOW HITPOINT WARNING * * *
Prince Ribbit hits you.
You die...

.... ..... ...##
.#.. ...## ..#.
#..## ..... #..#
?....##########.#
##..((.......##.##
.......(....(@...#
##........F##...#
###.......###..#
##...#### ###
#.#.## . #.#..##
). ..##..##### .
...###.....#####
....
#...#####....♣..#


You could see Prince Ribbit.

Vanquished Creatures
  A bullfrog zombie (D:5)
  A bullfrog skeleton (D:5)
  2 centaur skeletons (D:4)
  3 orc wizards (D:4)
  11 adders
  4 worms
  4 dart slugs
  14 orcs
  6 ball pythons
  4 endoplasms
  6 giant cockroaches
  6 goblins
  8 hobgoblins
  2 jackals (D:3)
  4 quokkas
  5 bats
  6 frilled lizards
  5 kobolds
  3 rats
95 creatures vanquished.

Notes
Turn   | Place    | Note
-------+----------+-------------------------------------------
     0 | D:1      | Shayle the Ogre Warper began the quest for the Orb.
     0 | D:1      | Reached XP level 1. HP: 22/22 MP: 3/3
   414 | D:1      | Reached XP level 2. HP: 25/29 MP: 5/5
   581 | D:1      | Found a faded altar of an unknown god.
   930 | D:1      | Reached skill level 3 in Dodging
  1402 | D:2      | Reached XP level 3. HP: 19/36 MP: 6/6
  2366 | D:2      | Reached skill level 4 in Dodging
  2366 | D:2      | Reached XP level 4. HP: 25/44 MP: 7/7
  3475 | D:3      | Reached XP level 5. HP: 50/50 MP: 8/8
  3898 | D:4      | Reached skill level 5 in Dodging
  4442 | D:4      | Found a sacrificial altar of Ru.
  4475 | D:4      | Reached XP level 6. HP: 46/59 MP: 9/9
  4799 | D:4      | Found a shimmering blue altar of Sif Muna.
  4818 | D:4      | Reached skill level 6 in Dodging
  5058 | D:4      | Found a burning altar of Makhleb.
  5059 | D:4      | Found a glowing silver altar of Zin.
  5061 | D:4      | Found a shadowy altar of Dithmenos.
  5085 | D:4      | Identified a scroll of acquirement
  5085 | D:4      | Acquired the Volume of the Glacier and Sinister Arts
  5137 | D:4      | Found a staircase to the Ecumenical Temple.
  5153 | Temple   | Entered the Ecumenical Temple
  5246 | D:5      | Entered Level 5 of the Dungeon
  5431 | D:5      | Found Dipiz's Book Boutique.
  5623 | D:4      | Found a basalt altar of Yredelemnul.
  5838 | D:5      | Found Xuuru's Assorted Antiques.
  6309 | D:5      | Noticed a sky beast
  6317 | D:4      | Reached skill level 1 in Maces & Flails
  6403 | D:5      | Noticed Prince Ribbit
  6429 | D:5      | HP: 1/61 [Prince Ribbit (9)]
  6429 | D:5      | Slain by Prince Ribbit

Illustrated notes

Levels and vault maps discovered:
D:1:      dpeg_arrival_short_road, layout_loops_ring,
          ebering_ecumenical_altar_box, chequers_decorated_corner,
          serial_bayou_pond_a
D:2:      layout_basic, kennysheep_cluttered_room, st_stairs_10
D:3:      layout_loops_cross, kennysheep_big_empty_room,
          small_statue_intersection, chequers_serial_rivers_micro_c,
          nrook_campfire, minmay_starry_boxes
D:4:      layout_cave_pools, hangedman_ru_absence, lemuel_tele_altar,
          nicolae_overflow_hidden_temple, kennysheep_orc_sif_temple, temple_hall
D:5:      layout_rooms, serial_shops, shop_statue, nicolae_shop_trees,
          nicolae_shop_behind_doors, serial_glass, glass_columns_a,
          glass_columns_b, uniq_grinder, uniq_prince_ribbit1
Temple:   nicolae_temple_x_marks_the_god

Skill      XL: |  1  2  3  4  5  6 |
---------------+-------------------+-----
Dodging        | 3 4 5 6 |  6.3
Fighting       | 3 |  3.1
Maces & Flails | 1 |  1.0
Polearms       | |  2.0
Throwing       | |  1.0
Spellcasting   | |  2.4
Translocations | |  2.8

Action                   |  1- 3 |  4- 6 || total
-------------------------+-------+-------++-------
Melee: Spear             |   173 |    88 ||   261
       Falchion          |       |   127 ||   127
       Eveningstar       |       |    65 ||    65
Throw: Dart              |       |    10 ||    10
       Boomerang         |       |     3 ||     3
       Throwing net      |       |     1 ||     1
  Use: Scroll            |     2 |     9 ||    11
       Potion            |       |     7 ||     7
 Stab: Sleeping          |     1 |       ||     1
Armor: Robe              |    32 |   117 ||   149
Dodge: Dodged            |    81 |   175 ||   256
       Rpst.: Falchion   |       |    23 ||    23

Table legend: (Time is in decaauts)
 A = Elapsed time spent in this place.
 B = Non-inter-level travel time spent in this place.
 C = Inter-level travel time spent in this place.
 D = Time resting spent in this place.
 E = Time spent auto-exploring this place.
 F = Levels seen in this place.
 G = Mean time per level.
                   A        B        C        D        E       F      G
               +--------+--------+--------+--------+--------+-----+--------+
         Total |   6521 |   6258 |    263 |   1741 |   3141 |   6 | 1086.8 |
       Dungeon |   6462 |   6207 |    255 |   1741 |   3091 |   5 | 1292.4 |
        Temple |     58 |     50 |      8 |      0 |     50 |   1 |   58.0 |
               +--------+--------+--------+--------+--------+-----+--------+

Top non-repeatable levels by time:
     D:4: 1800 daAuts
     D:2: 1512 daAuts
     D:1: 1393 daAuts
     D:3: 1120 daAuts
     D:5: 636 daAuts
  Temple: 58 daAuts
